Map: Ulrena

Players

Rookwood

  • Race: Zerg Zerg
  • League: Platinum

Pesadilla

  • Race: Zerg Zerg

Hjax

  • Race: Protoss Protoss
  • League: Master

NanoStorm

  • Race: Protoss Protoss
  • League: Gold

VOD

Have the link to the VOD?

Description

Time

  • Played on: Dec. 2, 2015, 8:46 p.m.
  • Length: 7:51
Show
View Real Time Build Order
Export as new Build Order

Rookwood Zerg 

Build Orders: Hatch First 

Get SALT Encoding   

  12  0:00  Drone  
  13  0:09  Drone  
  14  0:23  Extractor x2  
  14  0:24  Drone x2  
  16  0:53  Hatchery  
  16  0:55  Extractor  
  16  0:56  Drone, Extractor  
  14  1:03  Spawning Pool  
  15  1:06  Extractor  
  15  1:09  Extractor  
  15  1:10  Drone  
  14  1:17  Overlord  
  16  1:33  Extractor  
  16  1:34  Extractor  
  16  1:36  Drone x2  
  16  1:37  Drone  
  17  1:51  Roach Warren, Drone  
  17  1:59  Zergling x2  
  18  2:10  Queen  
  18  2:12  Drone  
  21  2:21  Overlord  
  23  2:30  Roach  
  23  2:31  Roach x2  
  27  2:41  Queen  
  29  2:45  Roach  
  31  2:52  Drone  
  31  2:54  Drone  
  33  3:00  Overlord  
  33  3:09  Drone  
  34  3:13  Roach  
  36  3:28  Roach x3  
  42  3:35  Spore Crawler  
  41  3:43  Spore Crawler  
  41  3:47  Drone  
  37  4:17  Ravager x2  
  37  4:18  Hatchery, Ravager x2  
  37  4:23  Overlord  
  40  4:44  Queen  
  39  4:48  Roach x2  
  37  4:57  Lair  
  37  5:06  Roach x2  
  38  5:27  Queen  
  38  5:37  Drone  
  38  5:38  Drone x5  
  44  5:49  Drone x3  
  47  5:55  Spore Crawler  
  46  6:07  Spore Crawler  
  46  6:10  Queen  
  47  6:18  Hydralisk Den  
  47  6:19  Drone x2  
  47  6:25  Overlord  
  48  6:34  Overseer  
  48  6:36  Roach  
  50  6:40  Drone, Spine Crawler  
  50  6:52  Queen  
  53  6:54  Drone x3  
  53  6:59  Overlord  
  55  7:06  Drone x3  
  58  7:23  Extractor  
  58  7:25  Extractor  
  54  7:31  Ravager  
  54  7:34  Ravager  
  54  7:35  Ravager x4  
Show
View Real Time Build Order
Export as new Build Order

Pesadilla Zerg 

Build Orders:  

Get SALT Encoding   

  12  0:01  Probe (Chrono Boost)  
  13  0:11  Probe (Chrono Boost)  
  14  0:18  Pylon  
  14  0:22  Probe (Chrono Boost)  
  15  0:36  Probe (Chrono Boost)  
  16  0:57  Nexus  
  16  1:03  Probe (Chrono Boost)  
  17  1:11  Gateway  
  17  1:14  Probe (Chrono Boost)  
  18  1:19  Assimilator  
  18  1:24  Probe (Chrono Boost)  
  19  1:35  Probe (Chrono Boost)  
  20  1:45  Probe (Chrono Boost)  
  21  1:54  Pylon  
  21  1:56  Probe (Chrono Boost)  
  21  1:59  Cybernetics Core  
  22  2:06  Probe (Chrono Boost)  
  23  2:08  Gateway  
  23  2:13  Probe (Chrono Boost)  
  24  2:17  Probe (Chrono Boost)  
  25  2:24  Assimilator  
  25  2:28  Probe (Chrono Boost)  
  26  2:33  Pylon  
  26  2:36  Warp Gate  
  28  2:54  Stargate  
  26  3:01  Stalker  
  28  3:13  Stalker  
  30  3:22  Probe (Chrono Boost)  
  31  3:29  Pylon  
  31  3:30  Pylon  
  23  3:57  Zealot  
  23  4:01  Mothership Core (Chrono Boost), Zealot  
  11  4:47  Probe (Chrono Boost)  
  11  4:48  Void Ray  
  13  5:17  Stalker x2  
  18  5:28  Probe (Chrono Boost)  
  18  6:01  Probe (Chrono Boost)  
  18  6:11  Probe (Chrono Boost)  
  19  6:22  Probe (Chrono Boost)  
  21  6:32  Probe (Chrono Boost)  
  21  6:43  Probe (Chrono Boost)  
  22  6:50  Pylon  
  23  6:54  Probe (Chrono Boost)  
  19  7:14  Zealot x2  
  23  7:20  Mothership Core (Chrono Boost)  
Show
View Real Time Build Order
Export as new Build Order

Hjax Protoss 

Build Orders:  

Get SALT Encoding   

Show
View Real Time Build Order
Export as new Build Order

NanoStorm Protoss 

Build Orders:  

Get SALT Encoding   

Tags
 
Add a new tag
Caveats
  • Supply blocks, unpowered buildings, or Contaminate may cause inaccurate times.
  • Supply counts are checked every 10 seconds.